 Dungeon Crawl Stone Soup version 0.30-b1-2-g02819fbbbe (webtiles) character file.

Game seed: 4520458858842023971

20 raph the Chopper (level 2, 0/26 HPs)
             Began as a Minotaur Berserker on June 7, 2023.
             Was a Follower of Trog.
             Killed by nerve-wracking pain
             ... invoked by Jessica
              (9 damage)
             ... on level 2 of the Dungeon.
             The game lasted 00:00:48 (760 turns).

raph the Chopper (Minotaur Berserker)                Turns: 760, Time: 00:00:49

Health: 0/26       AC:  6    Str: 21    XL:     2   Next: 58%
Magic:  1/1        EV: 10    Int:  4    God:    Trog [*.....]
Gold:   120        SH:  0    Dex:  9    Spells: 1/1 levels left

rFire   . . .        a - +0 hand axe
rCold   . . .        (no shield)
rNeg    . . .        d - +0 scale mail
rPois   .            (helmet restricted)
rElec   .            (no cloak)
rCorr   .            (no gloves)
SInv    .            (no boots)
Will    .....        (no amulet) Stlth
                     (no ring)
HPRegen 0.24/turn    (no ring)
MPRegen 0.07/turn

%: no passive effects
@: on berserk cooldown, slowed, very slow
A: horns 2, retaliatory headbutt
a: Renounce Religion, Berserk


You were on level 2 of the Dungeon.
You worshipped Trog.
Trog was aware of your devotion.
You visited 1 branch of the dungeon, and saw 2 of its levels.

You collected 120 gold pieces.

Inventory:

Hand Weapons
 a - a +0 hand axe (weapon)
Armour
 b - a +0 animal skin
 d - a +0 scale mail (worn)
Scrolls
 c - a scroll of summoning {unknown}
 i - a scroll of enchant armour {unknown}
 j - a scroll of teleportation {unknown}
Potions
 e - a potion of curing {unknown}
 f - a potion of ambrosia {unknown}
 g - 3 potions of attraction {unknown}
 h - a potion of flight {unknown}
 k - a potion of mutation {unknown}


   Skills:
 - Level 3.6 Fighting
 + Level 4.8 Axes
 - Level 2.4 Armour
 - Level 2.1 Dodging


You had one spell level left.
You didn't know any spells.
Your spell library was empty.

Dungeon Overview and Level Annotations

Branches:
Dungeon (2/15)

Altars:

Annotations:
D:2 Jessica


Innate Abilities, Weirdness & Mutations

You have a pair of horns on your head.
You reflexively headbutt those who attack you in melee.


Message History

Jessica blinks!
A red film seems to cover your vision as you go berserk!
You feel yourself moving faster!
You feel mighty!
You feel a strong urge to attack something.
Found 10 gold pieces.
You feel your anger nearly subside.
You are no longer berserk.
You are exhausted.
You feel yourself slow down.
A quokka comes into view.
Jessica gestures wildly while chanting.
Jessica blinks!
Found a book of Scorching.
The quokka bites you but does no damage.
The quokka barely misses you.
You see here 7 stones.
Jessica mumbles some strange words.
Jessica seems to speed up.
The quokka bites you but does no damage.
The quokka attacks as you move away!
The quokka bites you but does no damage.
The quokka attacks as you move away! The quokka barely misses you.
The quokka bites you. The quokka bites you.
The quokka attacks as you move away! The quokka barely misses you.
You furiously retaliate!
You headbutt the quokka!
You kill the quokka!
Trog accepts your kill. Jessica hits you but does no damage.
Jessica gestures at you while chanting.
You barely resist. Jessica attacks as you move away!
Jessica hits you with a +0 dagger. x2
There is a stone staircase leading up here.
You barely miss Jessica. Jessica closely misses you.
Jessica casts a spell at you. Pain shoots through your body!
Jessica hits you but does no damage.
You slash Jessica!
Jessica is severely wounded.
Jessica gestures at you while chanting. Pain shoots through your body!
You die...

#(..####..#
#..........
#...######
###...###
#.......#
#.#...#.#
#.##.##.####.##
#......@......#
#.####.@.......
# #.....#.#.
...<.....#
#.#.##.####
#.#.# .# . ...
.# ## ### ##


You could see Jessica (fast).

Vanquished Creatures
  4 bats (D:1)
  2 endoplasms (D:1)
  3 goblins (D:1)
  3 quokkas
  2 ball pythons (D:1)
  2 frilled lizards (D:1)
  2 rats (D:1)
  A toadstool (D:1)
19 creatures vanquished.

Vanquished Creatures (others)
  A fungus (D:1)
  A toadstool (D:1)
2 creatures vanquished.

Grand Total: 21 creatures vanquished

Notes
Turn   | Place    | Note
-------+----------+-------------------------------------------
     0 | D:1      | raph the Minotaur Berserker began the quest for the Orb.
     0 | D:1      | Reached XP level 1. HP: 19/19 MP: 0/0
    67 | D:1      | Reached skill level 4 in Axes
   117 | D:1      | Reached XP level 2. HP: 26/26 MP: 1/1
   743 | D:2      | Noticed Jessica
   760 | D:2      | Killed from afar by Jessica

Illustrated notes

Levels and vault maps discovered:
D:1:      saegor_arrival_simple_b, layout_loops_ring, minmay_gold_behind_fungi,
          minivault_27
D:2:      layout_loops_cross, uniq_jessica, uniq_sigmund, uniq_natasha

Skill      XL: |  1 |
---------------+----+-----
Axes           | 4 |  4.8
Fighting       | |  3.6
Armour         | |  2.4
Dodging        | |  2.1

Action                     || total
---------------------------++-------
  Melee: Hand axe          ||    38
 Invoke: Berserk           ||     1
 Armour: Scale mail        ||    29
         Animal skin       ||     1
  Dodge: Dodged            ||    31
